 Dungeon Crawl Stone Soup version 0.31-a0-925-g0a390f2509 (webtiles) character file.

Game seed: 18296959669897670805

1761 lunkers the Martial Artist (level 9, -14/64 HPs)
             Began as a Meteoran Shapeshifter on Oct 18, 2023.
             Was a Believer of Uskayaw.
             Killed from afar by a steam dragon (21 damage)
             ... with a ball of steam
             ... while paralysed by a hornet
             ... on level 8 of the Dungeon.
             The game lasted 00:06:02 (2945 turns).

lunkers the Martial Artist (Meteoran Shapeshifter)  Turns: 2945, Time: 00:06:03

Health: -14/64     AC:  6    Str: 15    XL:     9   Next: 52%
Magic:  13/13      EV:  2    Int: 11    God:    Uskayaw [**....]
Gold:   245        SH:  0    Dex: 20    Spells: 8/8 levels left

rFire   . .          .
                       - Unarmed
rCold   . . .        (no shield)
rNeg    . . .        i - +0 scale mail
rPois   .            (helmet currently unavailable)
rElec   .            (cloak currently unavailable)
rCorr   +            (gloves currently unavailable)
SInv    .            (boots currently unavailable)
Will    +....        (no amulet) Stlth
                     w - ring of resist corrosion
HPRegen 0.30/turn    (no ring)
MPRegen 0.13/turn

%: no passive effects
@: paralysed, lethally poisoned (-14 -> -28), beast-form, slowed, glowing
A: beast (slay +4), sense surroundings 2, otherworldly, glowing, explore regen
a: Begin Untransformation, Renounce Religion, Stomp, Line Pass


You were on level 8 of the Dungeon.
You worshipped Uskayaw.
Uskayaw was noncommittal.
You were a hulking beast.
You visited 1 branch of the dungeon, and saw 8 of its levels.

You collected 245 gold pieces.

Inventory:

Hand Weapons
 a - the +7 short sword of Anxiety {freeze, Dex+3}
   (You found it on level 3 of the Dungeon)

   Dex+3:     It affects your dexterity (+3).
Missiles
 y - a throwing net
Armour
 g - a +0 pair of boots
 i - a +0 scale mail (worn)
Jewellery
 r - an amulet of faith
 w - a ring of resist corrosion (left hand)
Talismans
 c - a beast talisman (active)
 d - a flux talisman
Wands
 z - a wand of light (2)
 C - a wand of roots (8)
 F - a wand of flame (11)
Scrolls
 b - 3 scrolls of teleportation {unknown}
 k - 2 scrolls of fog {unknown}
 m - a scroll of silence {unknown}
 n - 2 scrolls of revelation {unknown}
 p - a scroll of acquirement {unknown}
 q - a scroll of noise {unknown}
 s - a scroll of butterflies {unknown}
 t - a scroll of enchant armour {unknown}
 u - 3 scrolls of blinking {unknown}
 v - a scroll of poison {unknown}
 A - a scroll of immolation {unknown}
 D - a scroll of torment {unknown}
 E - a scroll of identify {unknown}
 G - a scroll of vulnerability {unknown}
Potions
 e - a potion of brilliance {unknown}
 f - a potion of curing {unknown}
 h - 3 potions of might {unknown}
 j - 3 potions of degeneration {unknown}
 l - a potion of cancellation {unknown}
 o - 3 potions of heal wounds {unknown}
 x - a potion of ambrosia {unknown}
 B - a potion of lignification


   Skills:
 - Level 1.1 Fighting
 - Level 2.1 Dodging
 * Level 11.1 Unarmed Combat
 + Level 4.4 Invocations
 + Level 7.7 Shapeshifting


You had 8 spell levels left.
You didn't know any spells.
Your spell library contained the following spells:

 Spells                   Type           Power      Damage    Failure   Level
 Apportation              Tloc           0%         N/A       83%         1
 Necrotise                Necr           0%         1d4       83%         1
 Summon Small Mammal      Summ           0%         N/A       83%         1
 Cigotuvi's Dreadful Rot  Necr/Pois/Air  0%         N/A       92%         2
 Ensorcelled Hibernation  Hex/Ice        0%         N/A       92%         2
 Passwall                 Tmut/Erth      0%         N/A       92%         2
 Swiftness                Air            0%         N/A       99%         3
 Dispel Undead            Necr           0%         3d6       100%        4
 Death Channel            Necr           0%         N/A       100%        6


Dungeon Overview and Level Annotations

Branches:
Dungeon (8/15) Zot: 1901   Temple (0/1) D:7
   Lair: D:8-11

Altars:
Fedhas
Makhleb
Uskayaw
Wu Jian
Yredelemnul

Shops:
D:2 [

Annotations:
D:5 3 runed translucent doors, Xavori's ghost, novice OpCK


Innate Abilities, Weirdness & Mutations

You are a hulking beast.
Your limbs bulge with bestial killing power. (Slay +4)
You passively map the area around you.
You are easily found by Zot.
You glow in the dark.
You regain HP and MP as you explore.


Message History

You feel as though you will be slow longer.
A wight comes into view. It is wielding a +1 battleaxe.
The hornet completely misses you. The hornet stings you.
You feel as though you will be slow longer.
The hornet stings you!
* * * LOW HITPOINT WARNING * * *
You feel as though you will be slow longer.
You can move again.
Unknown command.
Okay, then.
You punch the hornet!
The hornet is heavily wounded.
The hornet barely misses you. The hornet stings you!
* * * LOW HITPOINT WARNING * * *
You are poisoned.
You feel as though you will be slow longer.
You can now pass through a line of other dancers.
Unknown command.
Aiming: Bolt of Light
Press: ? - help, Shift-Dir - straight line, f - hornet
Aim: a hornet (heavily wounded, 57% to hit)
The bolt of light hits the hornet.
The hornet is severely wounded.
The hornet is blinded.
The bolt of light hits the gargoyle!
The gargoyle is heavily damaged.
The bolt of light hits the steam dragon!
The steam dragon is moderately wounded.
The steam dragon is blinded.
You feel very sick.
You hear an angry hiss.
The hornet stings you!
* * * LOW HITPOINT WARNING * * *
You are lethally poisoned!
You suddenly lose the ability to move!
The steam dragon breathes steam at you.
The ball of steam hits the gargoyle!!
The gargoyle is destroyed!
The ball of steam hits the hornet!
The ball of steam hits you!!
You die...

##.#######.#
#..<.......# *
#..#####..... *
#####..#####..... ,
*
##..............,.
* ,......#.###.#...
, , * *
##.##...###.#... ,*
* # ###z.........
,* *
,#hy§D........,,,,
,, ,
.......####..#####.
* * #.###.#* #..#
,* * , * * * ##
.♣♣.. *, , .. ..# *
, , , ,... ....* *
*, * 9... ...# *, ,
* Ky..D,, ...=(* ,
* * .D.... ,..?) *


You could see a hornet (blind) and a wight.

Vanquished Creatures
  A black bear (D:7)
  3 ice beasts
  2 sky beasts (D:7)
  A phantom (D:5)
  4 bullfrogs
  4 scorpions
  4 jellies
  A hound (D:5)
  An orc priest (D:5)
  3 iguanas
  Natasha (D:2)
  5 orc wizards
  Terence (D:2)
  2 killer bee zombies (D:7)
  3 gnolls (D:5)
  3 adders
  A white imp (D:7)
  A worm (D:2)
  2 dart slugs
  21 orcs
  7 ball pythons
  5 endoplasms
  A giant cockroach (D:2)
  15 goblins
  4 hobgoblins (D:2)
  3 jackals (D:2)
  2 quokkas
  2 bats
  A frilled lizard (D:2)
  10 kobolds
  6 rats
120 creatures vanquished.

Vanquished Creatures (others)
  A gargoyle (D:8)
1 creature vanquished.

Grand Total: 121 creatures vanquished

Notes
Turn   | Place    | Note
-------+----------+-------------------------------------------
     0 | D:1      | lunkers the Meteoran Shapeshifter began the quest for the
                  | Orb.
     0 | D:1      | Reached XP level 1. HP: 16/16 MP: 2/2
    71 | D:1      | Reached XP level 2. HP: 23/23 MP: 3/3
   112 | D:1      | Reached skill level 4 in Unarmed Combat
   222 | D:2      | Reached XP level 3. HP: 18/28 MP: 4/4
   309 | D:2      | Noticed Terence
   317 | D:2      | Killed Terence
   318 | D:2      | Reached skill level 5 in Unarmed Combat
   318 | D:2      | Reached XP level 4. HP: 35/35 MP: 5/5
   601 | D:2      | Noticed Natasha
   610 | D:2      | Killed Natasha
   634 | D:2      | Reached XP level 5. HP: 36/40 MP: 6/6
   791 | D:2      | Found Coagirir's Antique Armour Shop.
   869 | D:3      | Identified the +7 short sword of Anxiety {freeze, Dex+3}
  1345 | D:4      | Reached skill level 6 in Unarmed Combat
  1412 | D:4      | Reached XP level 6. HP: 47/47 MP: 7/7
  1430 | D:4      | Noticed an ice beast
  1447 | D:4      | Killed an ice beast
  1448 | D:4      | Reached skill level 5 in Shapeshifting
  1465 | D:4      | Reached skill level 7 in Unarmed Combat
  1542 | D:5      | Entered Level 5 of the Dungeon
  1571 | D:5      | Noticed a +0 spear
  1571 | D:5      | Noticed a +0 falchion
  1572 | D:5      | Noticed a +0 dagger
  1572 | D:5      | Noticed a +0 spear
  1572 | D:5      | Noticed a +0 short sword
  1573 | D:5      | Noticed a +0 short sword
  1582 | D:5      | Reached XP level 7. HP: 19/52 MP: 8/8
  1597 | D:5      | Noticed a +0 falchion
  1597 | D:5      | Noticed a +0 dagger
  1677 | D:5      | Reached skill level 8 in Unarmed Combat
  1838 | D:5      | Found a runed translucent gate.
  1838 | D:5      | Found a runed translucent gate.
  1842 | D:5      | Noticed Xavori's ghost (novice OpCK)
  1843 | D:5      | Found a runed translucent gate.
  1879 | D:5      | HP: 2/52 [ice beast (7)]
  1882 | D:5      | Reached XP level 8. HP: 3/59 MP: 9/9
  1887 | D:5      | Reached skill level 9 in Unarmed Combat
  1976 | D:5      | Found a hide-covered altar of Uskayaw.
  1998 | D:5      | Became a worshipper of Uskayaw the Reveller
  2050 | D:6      | Reached * piety under Uskayaw
  2053 | D:6      | Reached ** piety under Uskayaw
  2060 | D:6      | Reached skill level 1 in Invocations
  2390 | D:6      | Reached *** piety under Uskayaw
  2494 | D:6      | Found a blossoming altar of Fedhas.
  2494 | D:6      | Found a burning altar of Makhleb.
  2573 | D:7      | Reached skill level 10 in Unarmed Combat
  2573 | D:7      | Gained mutation: You passively map the area around you.
                  | [Meteoran growth]
  2573 | D:7      | Reached XP level 9. HP: 43/64 MP: 10/12
  2679 | D:7      | Found an ornate altar of the Wu Jian Council.
  2781 | D:7      | Found a staircase to the Ecumenical Temple.
  2854 | D:7      | Reached **** piety under Uskayaw
  2890 | D:7      | Reached skill level 11 in Unarmed Combat
  2892 | D:7      | Found a basalt altar of Yredelemnul.
  2933 | D:8      | Noticed a gargoyle
  2933 | D:8      | Noticed a hornet
  2940 | D:8      | Paralysed by a hornet for 3 turns
  2945 | D:8      | Paralysed by a hornet for 2 turns
  2945 | D:8      | Killed a gargoyle
  2945 | D:8      | Killed from afar by a steam dragon

Illustrated notes

Levels and vault maps discovered:
D:1:      mrwooster_arrival_arrow, layout_basic, minmay_tetromino_t2
D:2:      cheibrodos_greedy_goblins, layout_loops_ring, serial_shops,
          nicolae_lakefront_shop, uniq_terence, uniq_natasha
D:3:      layout_basic
D:4:      layout_basic, corexii_hall_statues_deadend
D:5:      layout_loops_ring, nicolae_uskayaw_en_pointe,
          biasface_ghost_orc_armoury
D:6:      layout_loops_ring, gammafunk_temple_overflow_pools, marbit_many_paths
D:7:      layout_rooms, lemuel_zombie_altar_yredelemnul,
          nzn_wu_jian_council_hall, minmay_temple_entry_waves
D:8:      minmay_bloctagon, layout_loops_ring, mainiacjoe_overflow_alcove_4,
          mainiacjoe_overflow_tiny_flanked, lemuel_doored_altar,
          tso_oasis_becter, enter_ossuary_1, serial_shops, shop

Skill      XL: |  1  2  3  4  5  6  7  8  9 |
---------------+----------------------------+-----
Unarmed Combat | 4 5 6 7 8 10 11 | 11.1
Shapeshifting  | 4 5 6 7 |  7.7
Invocations    | 2 4 |  4.4
Fighting       | |  1.1
Dodging        | |  2.1

Action                     |  1- 3 |  4- 6 |  7- 9 || total
---------------------------+-------+-------+-------++-------
  Melee: Unarmed           |    52 |   130 |   163 ||   345
         Punch             |       |     3 |    12 ||    15
 Invoke: Stomp             |       |       |     2 ||     2
  Evoke: Wand              |       |       |     5 ||     5
    Use: Potion            |     1 |       |       ||     1
   Stab: Paralysed         |       |       |     4 ||     4
         Invisible         |       |       |     1 ||     1
 Armour: Animal skin       |    20 |       |       ||    20
         Skin              |     5 |     1 |       ||     6
         Scale mail        |       |    82 |   118 ||   200
  Dodge: Dodged            |    38 |    48 |    67 ||   153

Table legend: (Time is in decaauts)
 A = Elapsed time spent in this place.
 B = Non-inter-level travel time spent in this place.
 C = Inter-level travel time spent in this place.
 D = Time resting spent in this place.
 E = Time spent auto-exploring this place.
 F = Levels seen in this place.
 G = Mean time per level.
                   A        B        C        D        E       F      G
               +--------+--------+--------+--------+--------+-----+--------+
         Total |   2897 |   2747 |    150 |     26 |   1973 |   8 |  362.1 |
       Dungeon |   2897 |   2747 |    150 |     26 |   1973 |   8 |  362.1 |
               +--------+--------+--------+--------+--------+-----+--------+

Top non-repeatable levels by time:
     D:2: 677 daAuts
     D:6: 506 daAuts
     D:5: 474 daAuts
     D:7: 360 daAuts
     D:3: 358 daAuts
     D:4: 319 daAuts
     D:1: 168 daAuts
     D:8: 32 daAuts
